 Dungeon Crawl Stone Soup version 0.28.0-47-ge53b351184 (webtiles) character file.

Game seed: 9110890957570261773

258 pkoi the Conjurer (level 5, -1/38 HPs)
             Began as a Demigod Conjurer on May 8, 2022.
             Killed from afar by a steam dragon (15 damage)
             ... with a ball of steam
             ... on level 4 of the Dungeon.
             The game lasted 00:06:16 (6811 turns).

pkoi the Conjurer (Demigod Conjurer)                Turns: 6811, Time: 00:06:16

Health: -1/38      AC:  3    Str: 14    XL:     5   Next: 62%
Magic:  7/10       EV: 12    Int: 24    God:
Gold:   173        SH:  0    Dex: 12    Spells: 1/8 levels left

rFire   . . .      SeeInvis .   e - +0 short sword (venom)
rCold   . . .      Faith    .   (no shield)
rNeg    . . .      Spirit   .   a - +0 robe
rPois   .          Reflect  .   (no helmet)
rElec   .          Harm     .   (no cloak)
rCorr   .          Rampage  .   d - +0 pair of gloves
Will    .....                   (no boots)
Stlth   ++........              (no amulet)
HPRegen 0.12/turn               o - +6 ring of strength
MPRegen 0.12/turn               (no ring)

@: no status effects
A: high MP 1, forlorn, divine attributes
a: no special abilities


You were on level 4 of the Dungeon.
You visited 1 branch of the dungeon, and saw 4 of its levels.

You collected 173 gold pieces.

Inventory:

Hand Weapons
 b - a +0 whip
 c - a +0 short sword
 e - a +0 short sword of venom (weapon)
 h - a +0 dagger of protection
 i - a +2 short sword of draining
Missiles
 r - a throwing net
Armour
 a - a +0 robe (worn)
 d - a +0 pair of gloves (worn)
Jewellery
 o - a +6 ring of strength (left hand)
 q - a ring of magical power
Scrolls
 n - 2 scrolls of identify
Potions
 f - a potion of cancellation {unknown}
 g - 2 potions of mutation {unknown}
 j - a potion of might
 k - a potion of lignification {unknown}
 l - a potion of curing {unknown}
 m - a potion of berserk rage
 p - a potion of flight {unknown}


   Skills:
 - Level 1.7 Dodging
 - Level 1.7 Stealth
 + Level 2.0 Spellcasting
 + Level 6.4 Conjurations
 + Level 0.8 Translocations


You had one spell level left.
You knew the following spells:

 Your Spells              Type           Power      Damage    Failure   Level
a - Magic Dart            Conj           100%       1d8       1%          1
b - Searing Ray           Conj           66%        2d6       1%          2
c - Iskenderun's Mystic   Conj/Tloc      19%        2d6       26%         4

Your spell library contained the following spells:

 Spells                   Type           Power      Damage    Failure   Level
 Apportation              Tloc           12%        N/A       9%          1
 Dazzling Flash           Conj/Hex       34%        N/A       10%         3
 Lesser Beckoning         Tloc           6%         N/A       26%         3
 Fulminant Prism          Conj/Hex       8%         3d7       32%         4
 Passage of Golubria      Tloc           6%         N/A       63%         4
 Lehudib's Crystal Spear  Conj/Erth      8%         10d4      100%        8


Dungeon Overview and Level Annotations

Branches:
Dungeon (4/15)
 Temple: D:4-7

Shops:
D:2 [


Innate Abilities, Weirdness & Mutations

You have an increased reservoir of magic. (+10% MP)
You shall have no god before yourself.
Your divine heritage dramatically boosts your attributes as you level up.


Message History

Where to? (Enter - D:3 @ (x,y), ? - help)
You enter the shallow water.
Moving in this stuff is going to be slow.
There is an open door here.
You see here 6 arrows.
The steam dragon hisses angrily.
You close the door.
You start waiting.
Done waiting.
You open the door.
Casting: Magic Dart (safe; 1% risk of failure)
Confirm with . or Enter, or press ? or * to list all spells.
Okay, then.
The magic dart hits the steam dragon.
The steam dragon is lightly wounded.
The steam dragon hisses angrily.
The steam dragon breathes steam at you. The ball of steam hits you!!
Ouch! That really hurt!
* * * LOW HITPOINT WARNING * * *
You close the door.
You start resting.
Magic restored.
You start resting.
A steam dragon is nearby!
A steam dragon is nearby!
A steam dragon is nearby!
Casting: Magic Dart (safe; 1% risk of failure)
Confirm with . or Enter, or press ? or * to list all spells.
Aiming: Searing Ray (safe; 1% risk of failure)
Press: ? - help, Shift-Dir - straight line, f/p - steam dragon
Aim: a steam dragon (lightly wounded, 81% to hit)
The searing ray hits the steam dragon.
The steam dragon is moderately wounded. (Press . to maintain the ray.) Unknown command.
The searing ray misses the steam dragon.
The steam dragon breathes steam at you. The ball of steam hits you!
You die...

#......#...#.#
#....#.#...#.#
#....#.....#.##
######.......(#
#........###
#........#.#
#........'.#
##########.......D#.#
................@.#)#
(############+##+##)#
.# #...ยง.....# .#
#.(.....### .#
#.......# .#
#......D# .#
#.......# .#
#####...# .# ##...#


You could see a steam dragon (catching breath).

Vanquished Creatures
  An orc priest (D:3)
  An orc wizard (D:4)
  Robin (D:2)
  4 adders
  A white imp (D:3)
  2 adder skeletons (D:4)
  2 worms
  5 dart slugs
  9 orcs
  3 bats
  9 endoplasms
  7 giant cockroaches
  9 hobgoblins
  12 kobolds
  7 quokkas
  5 ball pythons
  6 frilled lizards
  20 goblins
  7 rats
111 creatures vanquished.

Notes
Turn   | Place    | Note
-------+----------+-------------------------------------------
     0 | D:1      | pkoi the Demigod Conjurer began the quest for the Orb.
     0 | D:1      | Reached XP level 1. HP: 14/14 MP: 5/5
   612 | D:1      | Reached skill level 4 in Conjurations
   730 | D:1      | Reached XP level 2. HP: 12/20 MP: 2/7
  1845 | D:2      | Reached XP level 3. HP: 22/26 MP: 0/8
  2167 | D:2      | Learned a level 2 spell: Searing Ray
  2195 | D:2      | Reached skill level 5 in Conjurations
  2743 | D:2      | Reached XP level 4. HP: 33/33 MP: 6/9
  2975 | D:2      | Found Etonal's Armour Shoppe.
  3547 | D:3      | Noticed Robin
  3819 | D:2      | Killed Robin
  4114 | D:3      | Reached skill level 6 in Conjurations
  4114 | D:3      | Reached XP level 5. HP: 12/38 MP: 5/10
  5282 | D:4      | Got the Grimoire of Displacement and Clay
  5289 | D:4      | Learned a level 4 spell: Iskenderun's Mystic Blast
  5927 | D:4      | Noticed a steam dragon
  6811 | D:4      | Killed from afar by a steam dragon

Illustrated notes

Levels and vault maps discovered:
D:1:      kennysheep_arrival_forest, layout_loops_ring,
          chequers_ecumenical_altar_simple
D:2:      layout_loops_ring, serial_shops, nicolae_lakefront_shop
D:3:      kennysheep_six_static_rooms, layout_basic, uniq_robin
D:4:      layout_basic, hangedman_decor_slide_cut, kennysheep_small_spiral

Skill      XL: |  1  2  3  4  5 |
---------------+----------------+-----
Conjurations   | 4 5 6 |  6.4
Spellcasting   | 2 |  2.0
Dodging        | |  1.7
Stealth        | |  1.7
Translocations | |  0.8

Action                   |  1- 3 |  4- 6 || total
-------------------------+-------+-------++-------
Melee: Whip              |    14 |       ||    14
       Unarmed           |     8 |       ||     8
       Punch             |     1 |       ||     1
       Short sword       |       |     9 ||     9
 Cast: Magic Dart        |    98 |   116 ||   214
       Searing Ray       |       |     7 ||     7
  Use: Potion            |     2 |       ||     2
       Scroll            |       |     4 ||     4
Armor: Robe              |     4 |     7 ||    11
Dodge: Dodged            |    16 |    14 ||    30
